 Dungeon Crawl Stone Soup version 0.21.1-1-g345015fe64 (webtiles) character file.

244 Gabide the Ducker (level 5, -5/46 HPs)
             Began as a Draconian Gladiator on Mar 18, 2018.
             Slain by luab's ghost (14 damage)
             ... on level 3 of the Dungeon.
             The game lasted 00:05:32 (3091 turns).

Gabide the Ducker (Draconian Gladiator)             Turns: 3091, Time: 00:05:32

Health: -5/46      AC:  5    Str: 23    XL:     5   Next: 83%
Magic:  5/5        EV: 14    Int:  8    God:
Gold:   178        SH:  0    Dex: 12    Spells: 4/4 levels left

rFire    . . .     SeeInvis .   a - +0 flail
rCold    . . .     Gourm    .   (no shield)
rNeg     . . .     Faith    .   (armour unavailable)
rPois    .         Spirit   .   b - +0 hat
rElec    .         Reflect  .   (no cloak)
rCorr    .         Harm     .   (no gloves)
MR       .....                  (no boots)
Stlth    +.........             (no amulet)
HPRegen  0.15/turn              (no ring)
MPRegen  0.09/turn              (no ring)

@: mighty, hasted, very quick
A: unfitting armour, cold-blooded, AC +5
a: no special abilities


You were on level 3 of the Dungeon.
You were not hungry.

You visited 1 branch of the dungeon, and saw 3 of its levels.

You collected 178 gold pieces.

Inventory:

Hand Weapons
 a - a +0 flail (weapon)
Missiles
 c - 2 throwing nets (quivered)
Armour
 b - a +0 hat (worn)
Wands
 k - a wand of random effects (9)
Scrolls
 m - 2 scrolls of identify
 p - a scroll of fog {unknown}
Potions
 e - a potion of haste
 g - a potion of brilliance {unknown}
 h - 2 potions of might
 i - a potion of degeneration {unknown}
 j - 2 potions of magic {unknown}
 l - a potion of heal wounds {unknown}
 n - 2 potions of cancellation {unknown}
 o - a potion of curing {unknown}
Comestibles
 d - 3 rations
 f - a chunk of flesh


   Skills:
 * Level 4.0 Fighting
 + Level 4.2 Maces & Flails
 + Level 1.8 Throwing
 * Level 4.4 Dodging


You had 4 spell levels left.
You didn't know any spells.

Dungeon Overview and Level Annotations

Branches:
Dungeon (3/15)

Altars:
Cheibriados
Elyvilon
Gozag
Ru
Vehumet
Zin
The Shining One

Annotations:
D:3 luab's ghost, amateur MiFi


Innate Abilities, Weirdness & Mutations

Your plain brown scales are hard. (AC +5)
You cannot fit into any form of body armour.
You are cold-blooded and may be slowed by cold attacks.


Message History

Luab's ghost is lightly damaged.
Luab's ghost completely misses you.
You sock luab's ghost!
Luab's ghost is moderately damaged.
Luab's ghost closely misses you.
You closely miss luab's ghost.
Your tail-slap misses luab's ghost.
Luab's ghost is moderately damaged.
Luab's ghost hits you!
You feel very mighty all of a sudden. Luab's ghost hits you.
You feel yourself speed up. Luab's ghost hits you.
Aiming: Random Effects
Press: ? - help, Shift-Dir - straight line, f - luab's ghost
Aim: luab's ghost (moderately damaged)
The mass of ice explodes!
The iceblast engulfs luab's ghost.
Luab's ghost is moderately damaged.
The iceblast engulfs you!
* * * LOW HITPOINT WARNING * * *
Luab's ghost hits you!
You die...

#..# ###..# ....# .W...# #...#
.##..# #...## .###....
#<...#### ### .# .......
#.....#.####.### .# .......
#..........#...# ##..........#
#......#.<.....#
##..........###W@....#...#####
..(....................[.#
##..........##.....##....#
###........###..#..##....#
............##....#........
.#..............#...######..#
##...........#..##..# #.#
#..)...........##..# .#
#...........#.....#


You could see luab's ghost.

Vanquished Creatures
  2 orc wizards (D:2)
  Jessica (D:2)
  Ijyb (D:2)
  7 adders
  An ooze (D:3)
  A dart slug (D:2)
  2 leopard geckos
  4 orcs
  3 giant cockroaches
  7 hobgoblins
  4 jackals (D:1)
  A quokka (D:3)
  5 bats
  4 frilled lizards
  11 goblins
  2 kobolds
  5 rats
61 creatures vanquished.

Notes
Turn   | Place    | Note
-------+----------+-------------------------------------------
     0 | D:1      | Gabide the Draconian Gladiator began the quest for the Orb.
     0 | D:1      | Reached XP level 1. HP: 17/17 MP: 1/1
   195 | D:1      | Reached XP level 2. HP: 14/24 MP: 2/2
   738 | D:2      | Reached XP level 3. HP: 20/30 MP: 3/3
   927 | D:2      | Found a snail-covered altar of Cheibriados.
   941 | D:2      | Found an opulent altar of Gozag.
  1298 | D:2      | Found a sacrificial altar of Ru.
  1508 | D:2      | Reached XP level 4. HP: 38/38 MP: 4/4
  1570 | D:2      | Noticed Jessica
  1575 | D:2      | Killed Jessica
  1740 | D:2      | Found a glowing golden altar of the Shining One.
  1740 | D:2      | Found a glowing silver altar of Zin.
  1741 | D:2      | Found a white marble altar of Elyvilon.
  1781 | D:2      | Noticed Ijyb
  1797 | D:2      | Killed Ijyb
  1797 | D:2      | Reached XP level 5. HP: 19/45 MP: 5/5
  2725 | D:3      | Found a radiant altar of Vehumet.
  2852 | D:3      | Noticed luab's ghost (amateur MiFi)
  3091 | D:3      | Slain by luab's ghost

Skill      XL: |  1  2  3  4  5 |
---------------+----------------+-----
Dodging        | 3 4 |  4.4
Fighting       | 3 4 |  4.0
Maces & Flails | 4 |  4.2
Throwing       | |  1.8

Action                   |  1- 3 |  4- 6 || total
-------------------------+-------+-------++-------
Melee: Flail             |    93 |   128 ||   221
       Tailslap          |     8 |    21 ||    29
Throw: Throwing net      |       |     3 ||     3
Evoke: Wand              |       |     1 ||     1
  Use: Scroll            |     3 |     1 ||     4
       Potion            |       |     3 ||     3
 Stab: Sleeping          |     1 |     1 ||     2
       Held in net/web   |       |     1 ||     1
  Eat: Ration            |     1 |     1 ||     2
Armor: Skin              |    29 |    60 ||    89
Dodge: Dodged            |    80 |   129 ||   209
